APP
BALTIMORE (APP) ORIOLES @ CLEVELAND (APP) INDIANS
07/31/2049
 
TOP OF THE 1ST
Baltimore (APP) Orioles batting - Pitching for Cleveland (APP) Indians : RHP Antonio Olvera
Pitching: RHP Antonio Olvera
Batting: LHB Edwin Cabral 0-0: Ball
1-0: Called Strike
1-1: Ground out 4-3 (Groundball, 34, EV 100.6 MPH)
Batting: RHB Johnny Lowe 0-0: Called Strike
0-1: Foul Ball, location: 2F
0-2: Ball
1-2: Foul Ball, location: 2F
1-2: Ball
2-2: Foul Ball, location: 2F
2-2: Ground out U3 (Groundball, 3S, EV 68.8 MPH)
Batting: SHB Shannon Britten 0-0: Ball
1-0: Swinging Strike
1-1: Foul Ball, location: 2F
1-2: Ball
2-2: Foul Ball, location: 2F
2-2: Ground out 4-3 (Groundball, 4, EV 83.8 MPH)
Top of the 1st over - 0 runs, 0 hits, 0 errors, 0 left on base; Baltimore (APP) 0 - Cleveland (APP) 0
BOTTOM OF THE 1ST
Cleveland (APP) Indians batting - Pitching for Baltimore (APP) Orioles : RHP Olaf Barker
Pitching: RHP Olaf Barker
Batting: RHB Quan Tai 0-0: SINGLE (Groundball, 6MD, EV 107.5 MPH)
Batting: RHB Makoto Narita 0-0: Ball
1-0: Called Strike
1-1: Ball
2-1: Fielders Choice at 2nd, 5-4 (Groundball, 56, EV 80.6 MPH)
Batting: SHB Jack Tierney 0-0: Ball
1-0: Ball
2-0: Ball
3-0: Base on Balls
Makoto Narita to second
Batting: LHB Mesfin Azagba 0-0: Ball
1-0: Fielders Choice at 2nd, 4-6 (Groundball, 4D, EV 101.2 MPH)
Makoto Narita to third
Batting: RHB Xavier Bartolani 0-0: Ball
1-0: Fielders Choice at 2nd, 6-4 (Groundball, 6, EV 91.2 MPH)
Bottom of the 1st over - 0 runs, 1 hit, 0 errors, 2 left on base; Baltimore (APP) 0 - Cleveland (APP) 0
TOP OF THE 2ND
Baltimore (APP) Orioles batting - Pitching for Cleveland (APP) Indians : RHP Antonio Olvera
Batting: RHB Adam Hudson 0-0: Ball
1-0: Ground out 5-3 (Groundball, 56S, EV 86.2 MPH)
Batting: LHB Taylor Plummer 0-0: Ball
1-0: Called Strike
1-1: Foul Ball, location: 2F
1-2: Ball
2-2: Strikes out swinging, 2-3 out at first.
Batting: RHB Han Caspers 0-0: Called Strike
0-1: Foul Ball, location: 2F
0-2: Ball
1-2: Strikes out swinging
Top of the 2nd over - 0 runs, 0 hits, 0 errors, 0 left on base; Baltimore (APP) 0 - Cleveland (APP) 0
BOTTOM OF THE 2ND
Cleveland (APP) Indians batting - Pitching for Baltimore (APP) Orioles : RHP Olaf Barker
Batting: RHB Cruz Castro 0-0: Ground out 5-3 (Groundball, 56, EV 76.9 MPH)
Batting: RHB Russ Kennett 0-0: Ball
1-0: Swinging Strike
1-1: Ball
2-1: Ball
3-1: Foul Ball, location: 2F
3-2: Base on Balls
Batting: RHB Jose Rodriguez 0-0: Ball
1-0: Ball
2-0: Foul Ball, location: 2F
2-1: 2-RUN HOME RUN (Flyball, 7LD, EV 92.5 MPH), Distance : 353 ft
Batting: SHB Bob Ledlow 0-0: Foul Ball, location: 2F
0-1: Ball
1-1: Ball
2-1: Ball
3-1: Base on Balls
Batting: RHB Quan Tai 0-0: Ball
1-0: Called Strike
1-1: Foul Ball, location: 2F
1-2: Hit by Pitch
Bob Ledlow to second
Batting: RHB Makoto Narita 0-0: Ball
Wild Pitch!
Bob Ledlow to third
Quan Tai to second
1-0: Ball
2-0: Ball
3-0: Called Strike
3-1: Base on Balls
Batting: SHB Jack Tierney 0-0: Called Strike
0-1: Ball
Passed Ball!
Bob Ledlow scores
Quan Tai to third
Makoto Narita to second
1-1: Ball
2-1: Foul Ball, location: 2F
2-2: Ball
3-2: Base on Balls
Batting: LHB Mesfin Azagba 0-0: Called Strike
0-1: Swinging Strike
0-2: Ball
Wild Pitch!
Quan Tai scores
Makoto Narita to third
Jack Tierney to second
1-2: Strikes out looking
Batting: RHB Xavier Bartolani 0-0: Ball
1-0: Called Strike
1-1: Foul Ball, location: 2F
1-2: Ball
2-2: Ground out 5-3 (Groundball, 56, EV 105.6 MPH)
Bottom of the 2nd over - 4 runs, 1 hit, 0 errors, 2 left on base; Baltimore (APP) 0 - Cleveland (APP) 4
TOP OF THE 3RD
Baltimore (APP) Orioles batting - Pitching for Cleveland (APP) Indians : RHP Antonio Olvera
Batting: RHB Pedro Luera 0-0: Foul Ball, location: 2F
0-1: Foul Ball, location: 2F
0-2: Ground out U3 (Groundball, 34, EV 78.8 MPH)
Batting: RHB Javier Brizuela 0-0: Ball
1-0: Ball
2-0: Foul Ball, location: 2F
2-1: Foul Ball, location: 2F
2-2: Strikes out swinging
Batting: RHB Jeff Parlo 0-0: Ball
1-0: Called Strike
1-1: Ball
2-1: Fly out, F9 (Flyball, 9LSF, EV 73.8 MPH)
Top of the 3rd over - 0 runs, 0 hits, 0 errors, 0 left on base; Baltimore (APP) 0 - Cleveland (APP) 4
BOTTOM OF THE 3RD
Cleveland (APP) Indians batting - Pitching for Baltimore (APP) Orioles : RHP Olaf Barker
Batting: RHB Cruz Castro 0-0: Ball
1-0: Foul Ball, location: 2F
1-1: Ground out 6-3 (Groundball, 6, EV 90.0 MPH)
Batting: RHB Russ Kennett 0-0: Called Strike
0-1: Swinging Strike
0-2: Foul Ball, location: 2F
0-2: Strikes out swinging
Batting: RHB Jose Rodriguez 0-0: Foul Ball, location: 2F
0-1: Ground out 4-3 (Groundball, 4, EV 89.4 MPH)
Bottom of the 3rd over - 0 runs, 0 hits, 0 errors, 0 left on base; Baltimore (APP) 0 - Cleveland (APP) 4
TOP OF THE 4TH
Baltimore (APP) Orioles batting - Pitching for Cleveland (APP) Indians : RHP Antonio Olvera
Batting: LHB Edwin Cabral 0-0: Ball
1-0: Swinging Strike
1-1: Ball
2-1: Called Strike
2-2: Strikes out swinging
Batting: RHB Johnny Lowe 0-0: Swinging Strike
0-1: Ball
1-1: Called Strike
1-2: Foul Ball, location: 2F
1-2: Ball
2-2: Foul Ball, location: 2F
2-2: Ball
3-2: Base on Balls
Batting: SHB Shannon Britten 0-0: Called Strike
0-1: Ball
1-1: Ball
2-1: Reached on error, E6 (Groundball, 6, EV 103.8 MPH)
Johnny Lowe to second
Batting: RHB Adam Hudson 0-0: Ball
1-0: Ball
2-0: Called Strike
2-1: Ball
3-1: Fly out, F8 (Line Drive, 8LS, EV 100.6 MPH)
Batting: LHB Taylor Plummer 0-0: Ball
1-0: Foul Ball, location: 2F
1-1: Ball
2-1: Ball
3-1: Called Strike
3-2: Fly out, F7 (Flyball, 7D, EV 78.8 MPH)
Top of the 4th over - 0 runs, 0 hits, 1 error, 2 left on base; Baltimore (APP) 0 - Cleveland (APP) 4
BOTTOM OF THE 4TH
Cleveland (APP) Indians batting - Pitching for Baltimore (APP) Orioles : RHP Olaf Barker
Batting: SHB Bob Ledlow 0-0: Called Strike
0-1: Ball
1-1: Foul Ball, location: 2F
1-2: Foul Ball, location: 2F
1-2: Strikes out swinging
Batting: RHB Quan Tai 0-0: Ball
1-0: Called Strike
1-1: SINGLE (Groundball, 6MD, EV 101.9 MPH)
Batting: RHB Makoto Narita 0-0: Swinging Strike
0-1: Ball
Quan Tai steals 2nd base
1-1: Ground out 6-3 (Groundball, 56, EV 78.8 MPH)
Batting: SHB Jack Tierney 0-0: Called Strike
0-1: Foul Ball, location: 2F
0-2: Strikes out swinging
Bottom of the 4th over - 0 runs, 1 hit, 0 errors, 1 left on base; Baltimore (APP) 0 - Cleveland (APP) 4
TOP OF THE 5TH
Baltimore (APP) Orioles batting - Pitching for Cleveland (APP) Indians : RHP Antonio Olvera
Batting: RHB Han Caspers 0-0: Ball
1-0: Called Strike
1-1: Ball
2-1: Ball
3-1: Base on Balls
Batting: RHB Pedro Luera 0-0: Called Strike
0-1: Grounds into double play, 4-6-3 (Groundball, 4, EV 87.5 MPH)
Batting: RHB Javier Brizuela 0-0: TRIPLE (Line Drive, 89XD, EV 101.9 MPH)
Batting: RHB Jeff Parlo 0-0: Called Strike
0-1: Ball
1-1: Ball
2-1: Ball
Wild Pitch!
Javier Brizuela scores
3-1: Base on Balls
Pitching: RHP Mario Garza
Batting: LHB Edwin Cabral 0-0: Ball
1-0: SINGLE (Flyball, 56D, EV 96.9 MPH)
Jeff Parlo to second
Batting: RHB Johnny Lowe 0-0: Foul Ball, location: 2F
0-1: Swinging Strike
0-2: Fly out, F9 (Flyball, 9D, EV 107.5 MPH)
Top of the 5th over - 1 run, 2 hits, 0 errors, 2 left on base; Baltimore (APP) 1 - Cleveland (APP) 4
BOTTOM OF THE 5TH
Cleveland (APP) Indians batting - Pitching for Baltimore (APP) Orioles : RHP Olaf Barker
Batting: LHB Mesfin Azagba 0-0: Ball
1-0: Foul Ball, location: 2F
1-1: Swinging Strike
1-2: Foul Ball, location: 2F
1-2: DOUBLE (Flyball, 89XD, EV 99.4 MPH)
Batting: RHB Xavier Bartolani 0-0: Ball
1-0: Ball
2-0: Ball
3-0: Called Strike
3-1: Foul Ball, location: 2F
3-2: Base on Balls
Batting: RHB Cruz Castro 0-0: Foul Ball, location: 2F
0-1: Fly out, F6 (Popup, 6, EV 52.5 MPH)
Batting: RHB Russ Kennett 0-0: Ball
1-0: Ball
2-0: Called Strike
2-1: Foul Ball, location: 2F
2-2: Ball
3-2: Base on Balls
Mesfin Azagba to third
Xavier Bartolani to second
Batting: RHB Jose Rodriguez 0-0: Called Strike
0-1: Swinging Strike
0-2: Strikes out looking
Pitching: RHP Xavier Martin
Batting: SHB Bob Ledlow 0-0: Foul Ball, location: 2F
0-1: Ball
1-1: Ball
2-1: Swinging Strike
2-2: Foul Ball, location: 2F
2-2: Strikes out swinging
Bottom of the 5th over - 0 runs, 1 hit, 0 errors, 3 left on base; Baltimore (APP) 1 - Cleveland (APP) 4
TOP OF THE 6TH
Baltimore (APP) Orioles batting - Pitching for Cleveland (APP) Indians : RHP Mario Garza
Batting: SHB Shannon Britten 0-0: Ball
1-0: Ball
2-0: Swinging Strike
2-1: DOUBLE (Flyball, 8RXD, EV 99.4 MPH)
Batting: RHB Adam Hudson 0-0: Ball
1-0: Foul Ball, location: 2F
1-1: Ball
2-1: Ball
3-1: Called Strike
3-2: SINGLE (Groundball, 56, EV 103.1 MPH) (infield hit)
Shannon Britten to third
Batting: LHB Taylor Plummer 0-0: DOUBLE (Line Drive, 89M, EV 113.1 MPH)
Shannon Britten scores
Adam Hudson to third
Batting: RHB Han Caspers 0-0: Ball
1-0: Fly out, F8 (Flyball, 89M, EV 89.4 MPH)
Batting: RHB Pedro Luera 0-0: Ball
1-0: Ball
2-0: Called Strike
2-1: Ground out 6-3 (Groundball, 6M, EV 92.5 MPH)
Adam Hudson scores
Taylor Plummer to third
Batting: RHB Javier Brizuela 0-0: Ball
1-0: 2-RUN HOME RUN (Flyball, 7D, EV 98.1 MPH), Distance : 375 ft
Pitching: RHP Phil Kessler
Batting: RHB Jeff Parlo 0-0: Ball
1-0: Called Strike
1-1: Foul Ball, location: 2F
1-2: DOUBLE (Flyball, 8RD, EV 95.6 MPH)
Batting: LHB Edwin Cabral 0-0: Foul Ball, location: 2F
0-1: Swinging Strike
0-2: Ball
1-2: Ball
2-2: Strikes out swinging
Top of the 6th over - 4 runs, 5 hits, 0 errors, 1 left on base; Baltimore (APP) 5 - Cleveland (APP) 4
BOTTOM OF THE 6TH
Cleveland (APP) Indians batting - Pitching for Baltimore (APP) Orioles : RHP Xavier Martin
Batting: RHB Quan Tai 0-0: Foul Ball, location: 2F
0-1: Foul Ball, location: 2F
0-2: Foul Ball, location: 2F
0-2: Ball
1-2: Ground out 6-3 (Groundball, P, EV 86.9 MPH)
Batting: RHB Makoto Narita 0-0: SINGLE (Groundball, 5D, EV 95.0 MPH)
Batting: SHB Jack Tierney 0-0: Ball
1-0: Ball
2-0: Swinging Strike
2-1: Ball
3-1: Base on Balls
Makoto Narita to second
Batting: LHB Mesfin Azagba 0-0: Ball
1-0: Fly out, F8 (Flyball, 8LD, EV 102.5 MPH)
Batting: RHB Xavier Bartolani 0-0: Called Strike
0-1: Ball
1-1: Ball
2-1: Ball
3-1: SINGLE (Groundball, 25, EV 65.6 MPH) (infield hit)
Makoto Narita to third
Jack Tierney to second
Pinch Hitting: RHB Justin Teague 0-0: Ball
1-0: Called Strike
1-1: Ball
2-1: Ball
Wild Pitch!
Makoto Narita scores
Jack Tierney to third
Xavier Bartolani to second
3-1: Base on Balls
Pinch Hitting: RHB Kevin Trull 0-0: Ball
1-0: Ball
2-0: Swinging Strike
2-1: Ball
3-1: SINGLE (Groundball, 3D, EV 100.0 MPH)
Jack Tierney scores
Xavier Bartolani to third
Justin Teague to second
Runner from 3rd tries for Home, SAFE, throw by RF to home
Batting: RHB Jose Rodriguez 0-0: Called Strike
0-1: Foul Ball, location: 2F
0-2: Ball
1-2: Ground out 3-1 (Groundball, 3D, EV 80.0 MPH)
Bottom of the 6th over - 3 runs, 3 hits, 0 errors, 2 left on base; Baltimore (APP) 5 - Cleveland (APP) 7
TOP OF THE 7TH
Baltimore (APP) Orioles batting - Pitching for Cleveland (APP) Indians : RHP Phil Kessler
Now at 2B: Luke Burnham
Now at 3B: Mesfin Azagba
Now in RF: Justin Teague
Batting: RHB Johnny Lowe 0-0: SINGLE (Groundball, 56S, EV 64.4 MPH) (infield hit)
Batting: SHB Shannon Britten 0-0: Ground out 6-3 (Groundball, 6MD, EV 106.9 MPH)
Johnny Lowe to second
Batting: RHB Adam Hudson 0-0: Ball
1-0: Called Strike
1-1: Ball
2-1: Called Strike
2-2: Foul Ball, location: 2F
2-2: Ball
3-2: Base on Balls
Batting: LHB Taylor Plummer 0-0: Fly out, F7 (Flyball, 7S, EV 83.8 MPH)
Batting: RHB Han Caspers 0-0: Called Strike
0-1: Ball
1-1: SINGLE (Groundball, 6D, EV 105.0 MPH)
Johnny Lowe to third
Adam Hudson to second
Batting: RHB Pedro Luera 0-0: Called Strike
0-1: Ball
1-1: SINGLE (Groundball, 4, EV 98.1 MPH)
Johnny Lowe scores
Adam Hudson to third
Han Caspers to second
Runner from 3rd tries for Home, SAFE, throw by RF to home
Pitching: RHP Warren Waldman
Batting: RHB Javier Brizuela 0-0: Ball
1-0: Ball
2-0: Fielders Choice at 2nd, 6-4 (Groundball, 6, EV 78.1 MPH)
Top of the 7th over - 2 runs, 3 hits, 0 errors, 2 left on base; Baltimore (APP) 7 - Cleveland (APP) 7
BOTTOM OF THE 7TH
Cleveland (APP) Indians batting - Pitching for Baltimore (APP) Orioles : RHP Xavier Martin
Pitching: RHP J.J. Maetzold
Batting: SHB Bob Ledlow 0-0: Ball
1-0: Ball
2-0: Called Strike
2-1: Foul Ball, location: 2F
2-2: Strikes out swinging
Batting: RHB Quan Tai 0-0: Ball
1-0: Ball
2-0: Swinging Strike
2-1: Swinging Strike
2-2: Ball
3-2: Base on Balls
Batting: RHB Makoto Narita 0-0: Ball
1-0: Ball
2-0: Swinging Strike
2-1: Called Strike
2-2: Ball
Wild Pitch!
Quan Tai to second
3-2: Strikes out swinging
Batting: SHB Jack Tierney 0-0: Ball
1-0: Ball
2-0: Ball
3-0: Called Strike
3-1: Called Strike
3-2: 2-RUN HOME RUN (Flyball, 9D, EV 95.6 MPH), Distance : 377 ft
Batting: LHB Mesfin Azagba 0-0: Called Strike
0-1: Ball
1-1: Foul Ball, location: 2F
1-2: Ball
2-2: SOLO HOME RUN (Flyball, 9LD, EV 94.4 MPH), Distance : 354 ft
Pitching: RHP Adam Savage
Batting: RHB Xavier Bartolani 0-0: Ball
1-0: Ball
2-0: Called Strike
2-1: Ball
3-1: Foul Ball, location: 2F
3-2: Strikes out swinging
Bottom of the 7th over - 3 runs, 2 hits, 0 errors, 0 left on base; Baltimore (APP) 7 - Cleveland (APP) 10
TOP OF THE 8TH
Baltimore (APP) Orioles batting - Pitching for Cleveland (APP) Indians : RHP Warren Waldman
Batting: RHB Jeff Parlo 0-0: Ball
1-0: Ball
2-0: Ground out 1-3 (Groundball, P, EV 62.5 MPH)
Batting: LHB Edwin Cabral 0-0: Fly out, F7 (Flyball, 7, EV 88.8 MPH)
Batting: RHB Johnny Lowe 0-0: Foul Ball, location: 2F
0-1: Ball
1-1: Ball
2-1: Fly out, F9 (Flyball, 9LM, EV 90.6 MPH)
Top of the 8th over - 0 runs, 0 hits, 0 errors, 0 left on base; Baltimore (APP) 7 - Cleveland (APP) 10
BOTTOM OF THE 8TH
Cleveland (APP) Indians batting - Pitching for Baltimore (APP) Orioles : RHP Adam Savage
Batting: RHB Justin Teague 0-0: Ball
1-0: Ball
2-0: Ball
3-0: Called Strike
3-1: Base on Balls
Batting: RHB Luke Burnham 0-0: Ball
1-0: 2-RUN HOME RUN (Flyball, 8LXD, EV 115.6 MPH), Distance : 454 ft
Batting: RHB Jose Rodriguez 0-0: Ground out 4-3 (Groundball, 4, EV 102.5 MPH)
Batting: SHB Bob Ledlow 0-0: Called Strike
0-1: SINGLE (Line Drive, 6MD, EV 106.9 MPH)
Batting: RHB Quan Tai 0-0: Called Strike
0-1: Fielders Choice at 2nd, 5-4 (Groundball, 5, EV 83.1 MPH)
Batting: RHB Makoto Narita 0-0: Ball
1-0: Foul Ball, location: 2F
1-1: Foul Ball, location: 2F
1-2: Foul Ball, location: 2F
1-2: Foul Ball, location: 2F
1-2: Ball
Quan Tai is caught stealing 2nd base 2-4
Bottom of the 8th over - 2 runs, 2 hits, 0 errors, 0 left on base; Baltimore (APP) 7 - Cleveland (APP) 12
TOP OF THE 9TH
Baltimore (APP) Orioles batting - Pitching for Cleveland (APP) Indians : RHP Warren Waldman
Now at 1B: Luis de Leon
Batting: SHB Shannon Britten 0-0: Ball
1-0: Ball
2-0: Ground out 4-3 (Groundball, 4, EV 85.6 MPH)
Batting: RHB Adam Hudson 0-0: Ball
1-0: Ball
2-0: Ball
3-0: Base on Balls
Batting: LHB Taylor Plummer 0-0: Ball
1-0: Fly out, F8 (Flyball, 8LD, EV 98.1 MPH)
Pinch Hitting: LHB Shane Cruse 0-0: Ball
1-0: Foul Ball, location: 2F
1-1: Ball
2-1: Swinging Strike
2-2: Strikes out swinging
Top of the 9th over - 0 runs, 0 hits, 0 errors, 1 left on base; Baltimore (APP) 7 - Cleveland (APP) 12
Sunday, July 16th , 2023 - OOTP Baseball 24.6 Build 69